 Dungeon Crawl Stone Soup version 0.30-a0-12-gd8047c6341 (webtiles) character file.

Game seed: 7018684392122568662

422 drpainis the Covert (level 6, -7/30 HPs)
             Began as a Spriggan Enchanter on Aug 23, 2022.
             Was an Initiate of Hepliaklqana.
             Mangled by Crazy Yiuf
             ... wielding a +3 quarterstaff of chaos
              (17 damage)
             ... on level 4 of the Dungeon.
             The game lasted 00:05:17 (4756 turns).

drpainis the Covert (Spriggan Enchanter)            Turns: 4756, Time: 00:05:18

Health: -7/30      AC:  2    Str:  4    XL:     6   Next: 63%
Magic:  6/12       EV: 18    Int: 18    God:    Hepliaklqana [......]
Gold:   210        SH:  0    Dex: 16    Spells: 4/12 levels left

rFire   + . .      SeeInvis +    e - +0 dagger (venom)
rCold   . . .      Faith    .    (no shield)
rNeg    . . .      Spirit   .    b - +0 robe
rPois   +          Reflect  .    (helmet restricted)
rElec   .          Harm     .    (no cloak)
rCorr   .          Rampage  .    (gloves unavailable)
Will    +....                    (boots unavailable)
Stlth   ++++......               (no amulet)
HPRegen 0.10/turn                d - ring of poison resistance
MPRegen 0.13/turn                f - ring of protection from fire

@: very quick
A: very small, no large weapons, unfitting armour, see invisible, speed 3
a: Renounce Religion


You were on level 4 of the Dungeon.
You worshipped Hepliaklqana.
Hepliaklqana was noncommittal.
You visited 1 branch of the dungeon, and saw 4 of its levels.

You collected 210 gold pieces.

Inventory:

Hand Weapons
 a - a +1 dagger
 e - a +0 dagger of venom (weapon)
Armour
 b - a +0 robe (worn)
Jewellery
 d - a ring of poison resistance (left hand)
 f - a ring of protection from fire (right hand)
 i - a ring of see invisible
Wands
 q - a wand of flame (23)
 t - a wand of roots (9)
Scrolls
 h - 3 scrolls of identify {unknown}
 j - 3 scrolls of immolation {unknown}
 l - a scroll of magic mapping {unknown}
 m - a scroll of fear {unknown}
 n - a scroll of torment {unknown}
 p - 3 scrolls of poison {unknown}
 r - a scroll of enchant weapon {unknown}
 s - 2 scrolls of teleportation {unknown}
Potions
 c - 3 potions of invisibility
 g - a potion of attraction {unknown}
 k - a potion of magic {unknown}
 o - a potion of haste {unknown}


   Skills:
 + Level 1.3 Fighting
 + Level 2.9 Short Blades
 + Level 3.5 Dodging
 + Level 8.0 Stealth
 + Level 3.9 Spellcasting
 + Level 4.6 Hexes
 + Level 1.1 Ice Magic


You had 4 spell levels left.
You knew the following spells:

 Your Spells              Type           Power      Damage    Failure   Level
a - Ensorcelled Hibernat  Hex/Ice        26%        N/A       7%          2
b - Confusing Touch       Hex            20%        N/A       7%          3
c - Tukima's Dance        Hex            20%        N/A       7%          3

Your spell library contained the following spells:

 Spells                   Type           Power      Damage    Failure   Level
 Apportation              Tloc           6%         N/A       16%         1
 Necrotise                Necr           12%        1d4       16%         1
 Summon Small Mammal      Summ           12%        N/A       16%         1
 Dazzling Flash           Conj/Hex       22%        N/A       17%         3


Dungeon Overview and Level Annotations

Branches:
Dungeon (4/15)
 Temple: D:4-7

Altars:
Hepliaklqana

Shops:
D:2 [

Annotations:
D:3 Grinder
D:4 Crazy Yiuf


Innate Abilities, Weirdness & Mutations

You are very small and have problems with some larger weapons.
You are too small for most types of armour.
You have supernaturally acute eyesight. (SInv)
You cover ground extremely quickly. (Speed+++)


Message History

The helpless hound fails to defend itself.
You impale the hound!!
You kill the hound!
Your Stealth skill increases to level 8!
You see here a hound corpse.
You see here a hound corpse.
Found a hammer.
Found a runed translucent door.
Crazy Yiuf shouts!
Could not explore, unopened runed door.
Could not explore, unopened runed door.
You open the door. You closely miss Crazy Yiuf.
You hit Crazy Yiuf but do no damage.
Crazy Yiuf is poisoned.
Crazy Yiuf cries, "Shower!
You verde forty-two."
Crazy Yiuf hits you with a +3 quarterstaff of chaos!
Casting: Ensorcelled Hibernation (safe; 7% risk of failure)
Confirm with . or Enter, or press ? or * to list all spells.
Aiming: Ensorcelled Hibernation (safe; 7% risk of failure)
Press: ? - help, Shift-Dir - straight line, f - Crazy Yiuf
Aim: Crazy Yiuf, wielding a +3 quarterstaff of chaos and wearing a +0 cloak (very poisoned, chance to affect: 55%) Crazy Yiuf resists with significant effort.
Crazy Yiuf says, "Gnoll foot bush!"
Crazy Yiuf misses you.
Casting: Ensorcelled Hibernation (safe; 7% risk of failure)
Confirm with . or Enter, or press ? or * to list all spells.
Aiming: Ensorcelled Hibernation (safe; 7% risk of failure)
Press: ? - help, Shift-Dir - straight line, f/p - Crazy Yiuf
Aim: Crazy Yiuf, wielding a +3 quarterstaff of chaos and wearing a +0 cloak (very poisoned, chance to affect: 55%) Crazy Yiuf resists with significant effort.
Crazy Yiuf barely misses you.
Casting: Ensorcelled Hibernation (safe; 7% risk of failure)
Confirm with . or Enter, or press ? or * to list all spells.
Aiming: Ensorcelled Hibernation (safe; 7% risk of failure)
Press: ? - help, Shift-Dir - straight line, f/p - Crazy Yiuf
Aim: Crazy Yiuf, wielding a +3 quarterstaff of chaos and wearing a +0 cloak (very poisoned, chance to affect: 55%) Crazy Yiuf resists with significant effort.
Crazy Yiuf hits you with a +3 quarterstaff of chaos!
You are electrocuted!
Ouch! That really hurt!
You die...

...#.#.#.# ##### ##.#.#.#.# #
#.#.#.#.# ###### # #.#.#.#.#
#....# # ##.#.#.#.# #....## #
...#.#.#.# #######.....# #
####.#.#.# ###
###.#.P.......### .....#.#.#
#...##..#.............
....[..#.#
#...g@####........####
########.# #)..###
##.......#### ####### ###
####........ #.....# #....###.
#.##### #....# #. #.# ######
#. #.# #. #.# #.
#.###########################.


You could see Crazy Yiuf (very poisoned).

Vanquished Creatures
  A black bear (D:4)
  A scorpion (D:4)
  2 hounds (D:4)
  A gnoll bouda (D:4)
  An iguana (D:4)
  Ijyb (D:4)
  5 gnolls
  4 adders
  A worm (D:3)
  A dart slug (D:2)
  An orc (D:4)
  5 ball pythons
  6 endoplasms
  A giant cockroach (D:3)
  5 goblins
  5 hobgoblins
  2 jackals (D:3)
  2 kobolds (D:1)
  2 quokkas (D:1)
  3 bats
  4 frilled lizards
  2 rats
56 creatures vanquished.

Notes
Turn   | Place    | Note
-------+----------+-------------------------------------------
     0 | D:1      | drpainis the Spriggan Enchanter began the quest for the
                  | Orb.
     0 | D:1      | Reached XP level 1. HP: 9/9 MP: 5/5
   202 | D:1      | Found a faded altar of an unknown god.
   285 | D:1      | Reached skill level 5 in Stealth
   333 | D:1      | Reached XP level 2. HP: 13/13 MP: 6/6
   510 | D:1      | Learned a level 2 spell: Ensorcelled Hibernation
  1083 | D:1      | Reached XP level 3. HP: 7/17 MP: 5/8
  1272 | D:1      | Reached skill level 1 in Fighting
  1604 | D:1      | Learned a level 3 spell: Confusing Touch
  1718 | D:2      | Found Xaaliyla's Armour Shoppe.
  2233 | D:3      | Identified the -2 pair of boots "Idedaon" {rElec rF+}
  2338 | D:3      | Noticed Grinder
  2428 | D:3      | Reached skill level 6 in Stealth
  2428 | D:3      | Reached XP level 4. HP: 22/22 MP: 9/9
  2469 | D:3      | Learned a level 3 spell: Tukima's Dance
  2865 | D:4      | Reached XP level 5. HP: 14/25 MP: 10/10
  3348 | D:4      | Noticed a black bear
  3351 | D:4      | Killed a black bear
  3352 | D:4      | Reached skill level 7 in Stealth
  3537 | D:4      | Reached XP level 6. HP: 17/30 MP: 3/12
  3934 | D:4      | Noticed Ijyb
  3942 | D:4      | Killed Ijyb
  3970 | D:4      | Reached skill level 1 in Ice Magic
  4000 | D:4      | Found a hazy altar of Hepliaklqana.
  4083 | D:4      | Became a worshipper of Hepliaklqana the Forgotten
  4682 | D:4      | Reached skill level 8 in Stealth
  4747 | D:4      | Found a runed translucent door.
  4748 | D:4      | Noticed Crazy Yiuf
  4756 | D:4      | Mangled by Crazy Yiuf

Illustrated notes

Levels and vault maps discovered:
D:1:      minmay_arrival_loop, layout_basic, chequers_ecumenical_altar_grove
D:2:      layout_rooms, serial_shops, nicolae_shop_advertising_works
          [nicolae_subvault_shop_adworks]
D:3:      layout_basic, serial_shops, shop, uniq_grinder
D:4:      layout_basic, worldfamousw_hep_ancestral_shrine,
          uniq_crazy_yiuf_cottage, uniq_ijyb

Skill      XL: |  1  2  3  4  5  6 |
---------------+-------------------+-----
Stealth        | 5 6 7 8 |  8.0
Fighting       | 1 |  1.3
Dodging        | 3 |  3.5
Short Blades   | 2 |  2.9
Hexes          | 4 |  4.6
Spellcasting   | 3 |  3.9
Ice Magic      | 1 |  1.1

Action                   |  1- 3 |  4- 6 || total
-------------------------+-------+-------++-------
Melee: Dagger            |    78 |    67 ||   145
 Cast: Ensorcelled Hiber |     6 |    21 ||    27
       Confusing Touch   |       |     3 ||     3
 Stab: Sleeping          |    14 |    12 ||    26
Armor: Robe              |     6 |     5 ||    11
Dodge: Dodged            |    35 |    54 ||    89

Table legend: (Time is in decaauts)
 A = Elapsed time spent in this place.
 B = Non-inter-level travel time spent in this place.
 C = Inter-level travel time spent in this place.
 D = Time resting spent in this place.
 E = Time spent auto-exploring this place.
 F = Levels seen in this place.
 G = Mean time per level.
                   A        B        C        D        E       F      G
               +--------+--------+--------+--------+--------+-----+--------+
         Total |   3664 |   3640 |     24 |      0 |   2993 |   4 |  916.0 |
       Dungeon |   3664 |   3640 |     24 |      0 |   2993 |   4 |  916.0 |
               +--------+--------+--------+--------+--------+-----+--------+

Top non-repeatable levels by time:
     D:4: 1464 daAuts
     D:1: 1326 daAuts
     D:3: 450 daAuts
     D:2: 423 daAuts
